Map: Frost LE

Players

blackxored

  • Race: Zerg Zerg
  • League: Platinum

IIIIIIIIIIII - Winner!

  • Race: Protoss Protoss
  • League: Platinum

VOD

Have the link to the VOD?

Description

Time

  • Played on: June 25, 2016, 5:38 p.m.
  • Length: 7:10
Show
View Real Time Build Order
Export as new Build Order

blackxored Zerg 

Build Orders: Hatch First 

Get SALT Encoding   

  12  0:01  Drone  
  13  0:08  Drone  
  14  0:17  Overlord  
  14  0:22  Extractor  
  14  0:24  Drone  
  15  0:36  Drone  
  15  0:37  Drone  
  17  0:56  Hatchery  
  16  1:08  Extractor, Drone x3  
  18  1:25  Spawning Pool  
  18  1:27  Drone  
  18  1:32  Drone  
  19  1:40  Overlord  
  19  1:52  Drone  
  20  2:19  Zergling x6  
  23  2:24  Queen  
  23  2:25  Queen  
  23  2:29  Zergling x4  
  29  2:51  Extractor  
  29  2:52  Roach Warren, Drone  
  26  3:14  Drone x2  
  26  3:35  Overlord  
  26  3:44  Overlord x2  
  26  3:45  Overlord  
  26  4:04  Roach x3  
  32  4:18  Lair  
  32  4:19  Drone  
  32  4:20  Drone x2  
  35  4:25  Ravager x3  
  38  4:50  Drone x5  
  38  4:51  Drone  
  44  5:03  Drone  
  45  5:07  Spore Crawler  
  44  5:15  Drone  
  45  5:25  Glial Reconstitution  
  45  5:40  Drone x3  
  48  5:46  Hatchery  
  47  5:52  Pneumatized Carapace  
  47  5:57  Hydralisk Den  
  46  6:18  Drone x7  
  53  6:20  Evolution Chamber x2  
  51  6:38  Drone  
  52  6:40  Hatchery  
Show
View Real Time Build Order
Export as new Build Order

IIIIIIIIIIII Protoss - Winner!

Build Orders:  

Get SALT Encoding   

  12  0:01  Probe (Chrono Boost)  
  13  0:12  Probe (Chrono Boost)  
  14  0:22  Probe (Chrono Boost)  
  14  0:26  Pylon  
  15  0:44  Probe (Chrono Boost)  
  16  0:59  Probe (Chrono Boost)  
  17  1:05  Forge  
  17  1:09  Probe (Chrono Boost)  
  18  1:20  Probe (Chrono Boost)  
  18  1:28  Nexus  
  18  1:30  Probe (Chrono Boost)  
  19  1:41  Probe (Chrono Boost)  
  19  1:44  Pylon  
  20  1:56  Photon Cannon  
  20  1:57  Gateway  
  20  2:05  Photon Cannon  
  20  2:12  Photon Cannon  
  20  2:22  Photon Cannon  
  20  2:40  Probe (Chrono Boost)  
  20  2:42  Assimilator  
  21  2:45  Pylon, Assimilator  
  21  2:47  Probe (Chrono Boost)  
  21  2:51  Probe (Chrono Boost)  
  23  3:04  Photon Cannon  
  23  3:13  Probe x2 (Chrono Boost)  
  23  3:17  Pylon  
  25  3:20  Zealot  
  25  3:22  Photon Cannon  
  27  3:27  Assimilator  
  27  3:30  Assimilator, Probe (Chrono Boost)  
  27  3:31  Probe (Chrono Boost)  
  28  3:48  Cybernetics Core  
  28  3:51  Photon Cannon  
  28  3:53  Probe (Chrono Boost)  
  29  3:56  Probe (Chrono Boost)  
  30  4:05  Probe (Chrono Boost)  
  30  4:09  Pylon, Probe (Chrono Boost)  
  32  4:26  Pylon  
  32  4:28  Warp Gate  
  32  4:31  Pylon  
  32  4:32  Stargate  
  32  4:33  Probe (Chrono Boost)  
  32  4:35  Mothership Core (Chrono Boost)  
  35  4:41  Pylon  
  35  4:43  Probe (Chrono Boost)  
  36  4:59  Probe x2 (Chrono Boost)  
  38  5:08  Gateway  
  38  5:09  Gateway  
  38  5:18  Void Ray  
  38  5:20  Gateway  
  43  5:21  Probe x2 (Chrono Boost)  
  44  5:42  Probe x2 (Chrono Boost)  
  45  5:52  Probe (Chrono Boost)  
  45  5:53  Probe (Chrono Boost)  
  45  5:55  Stalker  
  49  6:01  Void Ray (Chrono Boost)  
  49  6:02  Adept x2  
  57  6:38  Twilight Council  
  57  6:42  Adept x3  
Tags
 
Add a new tag
Caveats
  • Supply blocks, unpowered buildings, or Contaminate may cause inaccurate times.
  • Supply counts are checked every 10 seconds.